[Event "Titled Tuesday Blitz September 27 Early 2022"]
[White "Roque Sola, Gisela"]
[Black "Pinheiro, Iung Alicio de O."]
[WhiteFideId "5120241"]
[BlackFideId "2104350"]
[WhiteElo "1845"]
[BlackElo "2283"]
[Result "0-1"]
[Round "09"]
[TimeControl "180+1"]
[Date "2022.09.27"]
[WhiteClock "0:00:08"]
[BlackClock "0:00:22"]

1. e4 c5 2. Nf3 Nc6 3. d4 cxd4 4. Nxd4 e5 5. Nb5 d6 6. N1c3 a6 7. Na3 b5 8. Nd5 Nge7 9. c4 Nxd5 10. exd5 Nd4 11. cxb5 Be7 12. Be3 Nf5 13. bxa6 Nxe3 14. fxe3 O-O 15. Bd3 Bg5 16. Qe2 Qa5+ 17. Qd2 Qc5 18. Nc2 f5 19. b4 Qxd5 20. Qe2 Be6 21. Rc1 e4 22. Bb5 f4 23. Nd4 f3 24. Qc4 Bxe3 25. gxf3 exf3 26. Qxd5 Bxd5 27. Nc2 Bxc1 28. O-O Bf4 29. Rd1 Bxa2 30. Bc6 Rxa6 31. b5 Rb6 32. Nd4 Be3+ 33. Kh1 f2 34. Nf3 Rxc6 35. bxc6 Rxf3 36. Kg2 Bd5 37. c7 f1=Q+ 38. Rxf1 Rxf1+ 39. Kxf1 Bb7 40. Ke2 Bb6 41. c8=Q+ Bxc8 42. Kd3 Bc7 43. Ke4 Kf7 44. Kd5 Ke7 45. h4 Kf7 46. h5 Be6+ 47. Kc6 Bd8 48. Kxd6 h6 49. Ke5 Bg5 50. Ke4 Bg4 51. Ke5 Bxh5 52. Kf5 Bg6+ 53. Kg4 Kf6 54. Kh3 h5 55. Kg3 Bf5 56. Kh2 Bh6 57. Kg3 g5 58. Kg2 g4 59. Kg3 Kg5 60. Kh2 h4 61. Kg1 g3 62. Kg2 Kg4 63. Kh1 h3 64. Kg1 Be4 65. Kf1 Be3 0-1


[Site "https://www.chess.com"]

[Event "Titled Tuesday Blitz September 27 Early 2022"]
[White "Roque Sola, Jose Luis"]
[Black "Mihailidis, Anastasios"]
[WhiteFideId "5120390"]
[BlackFideId "4205588"]
[WhiteElo "1990"]
[BlackElo "2312"]
[Result "1-0"]
[Round "09"]
[TimeControl "180+1"]
[Date "2022.09.27"]
[WhiteClock "0:01:02"]
[BlackClock "0:00:05"]

1. c4 e6 2. Nf3 d5 3. b3 Be7 4. g3 Bf6 5. Nc3 dxc4 6. bxc4 Bxc3 7. dxc3 Qxd1+ 8. Kxd1 Nf6 9. Bf4 Na6 10. Bg2 O-O 11. Kc2 c6 12. Rhd1 Bd7 13. Rab1 Nc5 14. Bd6 Nce4 15. Bxf8 Kxf8 16. Ne5 Be8 17. Rxb7 c5 18. Bxe4 Nxe4 19. Nd7+ Kg8 20. f3 Ng5 21. Nxc5 Rc8 22. Na6 Ba4+ 23. Kd2 Rd8+ 24. Ke3 Bxd1 25. Rxa7 h5 26. h4 Nh3 27. c5 Ba4 28. Nb4 Bb5 29. c6 Rc8 30. c7 g5 31. hxg5 Nxg5 32. a4 Bc4 33. Nc6 Kf8 34. Rb7 Bd5 35. Rb8 Bxc6 36. Rxc8+ Ke7 37. Rg8 Bb7 38. Rxg5 Kd7 39. Rg7 Kxc7 40. Rxf7+ Kb6 41. Rxb7+ Kxb7 42. Ke4 1-0


[Site "https://www.chess.com"]

[Event "Titled Tuesday Blitz September 27 Early 2022"]
[White "Rostomyan, Mikayel"]
[Black "Torres Boch, Jose Francisco"]
[WhiteFideId "13313754"]
[BlackFideId "2278383"]
[WhiteElo "1426"]
[BlackElo "2088"]
[Result "1/2-1/2"]
[Round "09"]
[TimeControl "180+1"]
[Date "2022.09.27"]
[WhiteClock "0:00:06"]
[BlackClock "0:00:18"]

1. e4 e5 2. Nc3 Nc6 3. Bc4 Nf6 4. d3 Na5 5. Bb3 Nxb3 6. axb3 d5 7. Nf3 Bb4 8. Bd2 d4 9. Ne2 Bxd2+ 10. Qxd2 Qd6 11. Qg5 Qb4+ 12. Kf1 O-O 13. Qxe5 c5 14. h3 Bd7 15. g4 Rfe8 16. Qg3 Bc6 17. g5 Nd7 18. h4 a5 19. h5 a4 20. g6 fxg6 21. hxg6 h6 22. Nf4 axb3 23. Rxa8 Rxa8 24. cxb3 Ra1+ 25. Kg2 Rxh1 26. Kxh1 Qxb3 27. Qh4 Nf6 28. Kg2 c4 29. Nxd4 Qxb2 30. Nxc6 bxc6 31. Qh3 Qe5 32. Qc8+ Qe8 33. Qxe8+ Nxe8 34. dxc4 Nd6 35. e5 Nxc4 36. Nd3 Kf8 37. f4 Ke7 38. Kf3 Ke6 39. Kg4 Ne3+ 40. Kf3 Nc4 41. Ke4 Nd2+ 42. Kd4 h5 43. Nc5+ Ke7 44. f5 h4 45. Ke3 h3 46. Kf2 Nc4 47. Kg3 Nxe5 48. Ne4 Nd7 49. Kxh3 Nf6 50. Ng5 c5 51. Kg3 c4 52. Kf2 Nd5 53. Ke2 Kf6 54. Ne6 Kxf5 55. Nxg7+ Kxg6 56. Ne8 Kf5 57. Kd2 Ke4 58. Nd6+ Kd4 59. Nxc4 1/2-1/2


[Site "https://www.chess.com"]

[Event "Titled Tuesday Blitz September 27 Early 2022"]
[White "Rottenwohrer Suarez, Juan"]
[Black "Sanchez Alvares, Kelvin Antonio"]
[WhiteFideId "32068182"]
[BlackFideId "3906680"]
[WhiteElo "2132"]
[BlackElo "2189"]
[Result "1/2-1/2"]
[Round "09"]
[TimeControl "180+1"]
[Date "2022.09.27"]
[WhiteClock "0:00:04"]
[BlackClock "0:00:18"]

1. d4 d5 2. c4 c6 3. cxd5 cxd5 4. Nc3 Nc6 5. Nf3 Nf6 6. Bf4 Bf5 7. e3 e6 8. Be2 Bb4 9. O-O O-O 10. a3 Bxc3 11. bxc3 Ne4 12. Rc1 Qa5 13. Qb3 Rfc8 14. c4 Nd2 15. Nxd2 Qxd2 16. cxd5 Na5 17. Rxc8+ Rxc8 18. Qb5 exd5 19. Qxd5 Be6 20. Qf3 Rc1 21. h4 Rxf1+ 22. Bxf1 Qc1 23. d5 Bd7 24. e4 Qa1 25. Qd3 a6 26. d6 h5 27. Be3 Bb5 28. d7 Nc6 29. d8=Q+ Nxd8 30. Qxd8+ Kh7 31. Qg5 Qxf1+ 32. Kh2 Qe2 33. Qf5+ Kg8 34. Qc8+ Kh7 35. Qf5+ Kh8 36. Qc8+ Kh7 37. Qf5+ 1/2-1/2


[Site "https://www.chess.com"]

[Event "Titled Tuesday Blitz September 27 Early 2022"]
[White "Runets, Ivan"]
[Black "Jones, Daniel"]
[WhiteFideId "13511564"]
[BlackFideId "2019655"]
[WhiteElo "1962"]
[BlackElo "2362"]
[Result "1-0"]
[Round "09"]
[TimeControl "180+1"]
[Date "2022.09.27"]
[WhiteClock "0:00:37"]
[BlackClock "0:00:28"]

1. d4 Nf6 2. c4 e6 3. Nc3 Bb4 4. Qc2 c5 5. dxc5 Nc6 6. Nf3 Bxc5 7. Bg5 h6 8. Bh4 Nd4 9. Nxd4 Bxd4 10. e3 Bc5 11. Be2 Be7 12. O-O O-O 13. Rfd1 a6 14. Rd2 b6 15. Bf3 Ra7 16. Rad1 Ne8 17. Bg3 Bf6 18. Bb8 Rb7 19. Bxb7 Bxb7 20. Bg3 Bc6 21. b4 Qa8 22. f3 d5 23. cxd5 Bxc3 24. Qxc3 Bxd5 25. e4 Qc6 26. Rc1 Qxc3 27. Rxc3 Ba8 28. Rc8 Bb7 29. Rb8 Bc6 30. Rxb6 Bb5 31. Rd8 Nf6 32. Rbb8 Rxd8 33. Rxd8+ Kh7 34. Kf2 Nd7 35. Ke3 Nb6 36. Kd4 f6 37. Rd6 e5+ 38. Kc3 Nc4 39. Re6 Ne3 40. a4 Bxa4 41. Rxa6 Bb5 42. Ra5 Bf1 43. b5 Nxg2 44. b6 1-0


[Site "https://www.chess.com"]

[Event "Titled Tuesday Blitz September 27 Early 2022"]
[White "Sadilek, Peter"]
[Black "Stanisz, Patryk"]
[WhiteFideId "1616439"]
[BlackFideId "1123106"]
[WhiteElo "2145"]
[BlackElo "1833"]
[Result "1-0"]
[Round "09"]
[TimeControl "180+1"]
[Date "2022.09.27"]
[WhiteClock "0:00:47"]
[BlackClock "0:00:04"]

1. d4 d5 2. c4 c6 3. Nf3 Nf6 4. Nc3 e6 5. e3 Nbd7 6. Be2 dxc4 7. a4 Bd6 8. O-O O-O 9. Bxc4 e5 10. h3 Qe7 11. Nh4 g6 12. f4 exd4 13. exd4 Nb6 14. Bb3 Nfd5 15. Qe1 Re8 16. Qxe7 Rxe7 17. f5 Bg3 18. Bg5 Re8 19. fxg6 hxg6 20. Rf3 Be1 21. a5 Nxc3 22. Bxf7+ Kg7 23. Bxe8 Bxh4 24. Rf7+ Kg8 25. Bxh4 Ne2+ 26. Kf2 Be6 27. Kxe2 Bc4+ 28. Kf2 Rxe8 29. Rxb7 Nd5 30. Re1 Rf8+ 31. Kg1 a6 32. Be7 Rf7 33. Rb8+ Kg7 34. Bd6 Nf4 35. Be5+ Kh6 36. Rh8+ Kg5 37. Kh2 Ne2 38. Rxe2 Rf2 39. Kg3 Rxe2 40. h4+ Kf5 41. Rf8+ Ke4 42. Rf6 Kd5 43. Rxg6 Rxb2 44. Kf3 Ra2 45. Rd6# 1-0


[Site "https://www.chess.com"]

[Event "Titled Tuesday Blitz September 27 Early 2022"]
[White "Sadykov, Ramil"]
[Black "Ernst, Sipke"]
[WhiteFideId "24113590"]
[BlackFideId "1004689"]
[WhiteElo "2243"]
[BlackElo "2436"]
[Result "0-1"]
[Round "09"]
[TimeControl "180+1"]
[Date "2022.09.27"]
[WhiteClock "0:00:02"]
[BlackClock "0:01:52"]

1. e4 e5 2. Nf3 Nc6 3. Nc3 Nf6 4. d4 exd4 5. Nxd4 Bb4 6. Nxc6 bxc6 7. Bd3 O-O 8. O-O Re8 9. Qf3 Rb8 10. h3 Qe7 11. Bg5 Bd6 12. Bxf6 Qxf6 13. Qxf6 gxf6 14. Rab1 Be5 15. g3 d6 16. Kg2 Bd7 17. Nd1 f5 18. exf5 c5 19. c4 Bc6+ 20. Kh2 Bd4 21. b3 Bf3 22. Rc1 h5 23. Nc3 c6 24. Rc2 Kg7 25. Be2 Bxe2 26. Nxe2 Kf6 27. g4 a5 28. Nxd4 cxd4 29. c5 d5 30. Rd1 Re4 31. f3 Re3 32. Kg2 a4 33. bxa4 Rb4 34. Kf2 Ra3 35. Rcd2 Ke5 36. Kg3 h4+ 37. Kxh4 Rxf3 38. Kg5 Rxa4 39. h4 Rg3 40. Re2+ Re3 41. Rde1 Ke4 42. h5 Rxa2 43. Rxe3+ dxe3 44. Kf6 Rh2 45. g5 d4 46. g6 fxg6 47. hxg6 d3 48. g7 Rg2 49. Kf7 d2 50. Rd1 Kxf5 51. Rf1+ Ke4 52. Rf6 d1=Q 53. Re6+ Kf3 54. Rg6 Qd7+ 0-1


[Site "https://www.chess.com"]

[Event "Titled Tuesday Blitz September 27 Early 2022"]
[White "Samaganova, Aleksandra"]
[Black "Balabayeva, Xeniya"]
[WhiteFideId "13800221"]
[BlackFideId "13719688"]
[WhiteElo "1864"]
[BlackElo "1895"]
[Result "0-1"]
[Round "09"]
[TimeControl "180+1"]
[Date "2022.09.27"]
[WhiteClock "0:00:03"]
[BlackClock "0:00:18"]

1. c4 e6 2. Nc3 d5 3. e3 Nf6 4. Nf3 c5 5. d4 cxd4 6. exd4 Nc6 7. cxd5 Nxd5 8. Bd3 Be7 9. O-O h6 10. Re1 O-O 11. a3 Nf6 12. Bc2 b6 13. Qd3 Bb7 14. Bf4 Rc8 15. Rad1 Na5 16. Be5 g6 17. Nh4 Qe8 18. Qh3 Nd5 19. Nxg6 fxg6 20. Qxh6 Bf6 21. Bxg6 Qe7 22. Bd6 Qg7 23. Bxf8 Rxf8 24. Qh5 Nf4 25. Qg4 Qxg6 26. Qxg6+ Nxg6 27. Rxe6 Nf4 28. Re3 Bxg2 29. Rg3+ Kf7 30. Rxg2 Nxg2 31. Kxg2 Nc4 32. b3 Nd6 33. Nd5 Nf5 34. Nf4 Bxd4 35. Kf3 Bc5 36. b4 Bd6 37. Ke4 Bxf4 38. Kxf4 Ne7 39. Ke5 Ng6+ 40. Kf5 Ne7+ 41. Kg5 Rg8+ 42. Kf4 Ke6 43. Re1+ Kd6 44. Rd1+ Nd5+ 45. Kf3 Rf8+ 46. Ke4 Rf4+ 47. Kd3 Rxf2 48. h4 Rh2 0-1


[Site "https://www.chess.com"]

[Event "Titled Tuesday Blitz September 27 Early 2022"]
[White "Samunenkov, Ihor"]
[Black "Hristodoulou, Panagiotis"]
[WhiteFideId "14187086"]
[BlackFideId "4214340"]
[WhiteElo "2441"]
[BlackElo "2172"]
[Result "1-0"]
[Round "09"]
[TimeControl "180+1"]
[Date "2022.09.27"]
[WhiteClock "0:00:03"]
[BlackClock "0:00:04"]

1. d4 Nf6 2. c4 e6 3. Nf3 Bb4+ 4. Bd2 a5 5. e3 O-O 6. Bd3 d6 7. O-O Nbd7 8. Bc1 a4 9. a3 Ba5 10. Qxa4 e5 11. Qc2 Qe7 12. Nbd2 Re8 13. Ng5 h6 14. Nge4 c6 15. c5 dxc5 16. dxc5 Bxd2 17. Nxf6+ Qxf6 18. Bxd2 Qe7 19. b4 e4 20. Bc4 Qg5 21. Kh1 Ne5 22. Be2 Bf5 23. Bc3 Nf3 24. Qb2 Nh4 25. Rg1 Re6 26. Be5 Bg4 27. Bf4 Qh5 28. Bxg4 Qxg4 29. Bg3 Nf5 30. Rad1 h5 31. Be5 Nh4 32. h3 Qf5 33. Bg3 Ng6 34. Rd6 h4 35. Bh2 Ne7 36. Rgd1 Nd5 37. Rxe6 fxe6 38. Be5 Kf7 39. Kg1 Kg6 40. Bd4 Re8 41. Rf1 e5 42. Bc3 Kf6 43. Bd2 Ke6 44. f3 exf3 45. Rxf3 Qe4 46. Qc1 Rd8 47. Qf1 Nf6 48. Be1 Rd3 49. b5 Rxe3 50. bxc6 bxc6 51. Rxe3 Qxe3+ 52. Bf2 Qxa3 53. Qc4+ Ke7 54. Bxh4 Qe3+ 55. Bf2 Qe4 56. Qa6 Qd5 57. Qb7+ Nd7 58. Qb2 Ke6 59. Qe2 Nf6 60. Qe3 Kf7 61. Kh2 e4 62. Bg3 Qf5 63. Bd6 Nd5 64. Qa3 e3 65. Qa7+ Kg6 66. Qa2 Qe4 67. Qe2 Nc3 68. Qe1 e2 69. Bg3 Nd5 70. Qf2 Ne7 71. Qf3 Qxf3 72. gxf3 Nf5 73. Be1 Nd4 74. Kg2 Kf5 75. Kf2 Kf4 76. Bc3 Nxf3 77. Kxe2 g6 78. Kf2 Ke4 79. Kg3 Ng5 80. Kg4 Ne6 81. h4 Kd5 82. Bb4 Kc4 83. Ba3 Kb3 84. Bc1 Nxc5 85. Kg5 Ne4+ 86. Kxg6 1-0


[Site "https://www.chess.com"]

[Event "Titled Tuesday Blitz September 27 Early 2022"]
[White "Saucey, Michel"]
[Black "Fawzy, Adham"]
[WhiteFideId "601845"]
[BlackFideId "10613129"]
[WhiteElo "2253"]
[BlackElo "2541"]
[Result "1/2-1/2"]
[Round "09"]
[TimeControl "180+1"]
[Date "2022.09.27"]
[WhiteClock "0:02:24"]
[BlackClock "0:02:06"]

1. d4 d5 2. Nf3 Nf6 3. c4 c6 4. Nc3 e6 5. e3 Nbd7 6. Qc2 Bd6 7. b3 O-O 8. Be2 b6 9. O-O Bb7 10. Bb2 Qe7 11. e4 dxe4 12. Nxe4 Nxe4 13. Qxe4 Nf6 14. Qh4 c5 15. dxc5 Bxc5 16. Bxf6 Qxf6 17. Qxf6 gxf6 18. Rfd1 Rfd8 19. Rxd8+ Rxd8 20. Rd1 Rxd1+ 21. Bxd1 Be4 22. Kf1 Bxf3 23. Bxf3 Kg7 1/2-1/2


[Site "https://www.chess.com"]

[Event "Titled Tuesday Blitz September 27 Early 2022"]
[White "Schill, William"]
[Black "Shapiro, Daniel"]
[WhiteFideId "2016710"]
[BlackFideId "2001780"]
[WhiteElo "1961"]
[BlackElo "2221"]
[Result "0-1"]
[Round "09"]
[TimeControl "180+1"]
[Date "2022.09.27"]
[WhiteClock "0:00:01"]
[BlackClock "0:01:08"]

1. e4 c5 2. Nf3 e6 3. d4 cxd4 4. Nxd4 a6 5. Bd3 g6 6. Nc3 Bg7 7. Be3 Ne7 8. O-O Nbc6 9. Nde2 d5 10. exd5 Nxd5 11. Nxd5 Qxd5 12. c3 O-O 13. Bc2 Qb5 14. Bb3 a5 15. a4 Qf5 16. Qc2 Qxc2 17. Bxc2 e5 18. Rfd1 Be6 19. Bb6 f5 20. Nc1 e4 21. Bb3 Rfe8 22. Bxe6+ Rxe6 23. Nb3 f4 24. Rd7 e3 25. fxe3 fxe3 26. Re1 Rae8 27. Rxb7 Bh6 0-1


[Site "https://www.chess.com"]

[Event "Titled Tuesday Blitz September 27 Early 2022"]
[White "Sebenik, Matej"]
[Black "Koziorowicz, Michal"]
[WhiteFideId "14602296"]
[BlackFideId "21809194"]
[WhiteElo "2461"]
[BlackElo "2220"]
[Result "0-1"]
[Round "09"]
[TimeControl "180+1"]
[Date "2022.09.27"]
[WhiteClock "0:00:04"]
[BlackClock "0:00:13"]

1. c4 Nc6 2. Nf3 e5 3. d3 f5 4. Nc3 d6 5. g3 Nf6 6. Bg2 g6 7. O-O Bg7 8. Rb1 a5 9. a3 O-O 10. b4 axb4 11. axb4 h6 12. b5 Ne7 13. Bb2 g5 14. c5 Kh7 15. e3 Ng6 16. cxd6 cxd6 17. e4 f4 18. Nd2 Bg4 19. Qb3 Qd7 20. Nc4 Be6 21. Qb4 Bxc4 22. dxc4 Rac8 23. Rfd1 Qf7 24. Qxd6 Rxc4 25. Nd5 Nxe4 26. Bxe4 Rxe4 27. f3 fxg3 28. Nf6+ Bxf6 29. fxe4 Be7 30. Qd2 Nf4 31. hxg3 Bc5+ 0-1


[Site "https://www.chess.com"]

[Event "Titled Tuesday Blitz September 27 Early 2022"]
[White "Seo, Jung Min"]
[Black "Aldokhin, Ivan"]
[WhiteFideId "1734687"]
[BlackFideId "24115720"]
[WhiteElo "2455"]
[BlackElo "2243"]
[Result "0-1"]
[Round "09"]
[TimeControl "180+1"]
[Date "2022.09.27"]
[WhiteClock "0:01:22"]
[BlackClock "0:00:11"]

1. Nf3 Nf6 2. c4 g6 3. Nc3 Bg7 4. e4 d6 5. d4 O-O 6. h3 Nc6 7. d5 Nb4 8. Be2 Re8 9. O-O e6 10. a3 Na6 11. Be3 exd5 12. exd5 Nc5 13. Rc1 Bd7 14. b4 Nce4 15. Bd4 Nxc3 16. Rxc3 a5 17. Bd3 axb4 18. axb4 Ne4 19. Bxe4 Rxe4 20. Bxg7 Kxg7 21. Qc2 Bf5 22. Qb2 Qf6 23. c5 Ra4 24. g4 Raxb4 25. Qd2 Bd7 26. cxd6 cxd6 27. Ng5 Red4 28. Qe3 Rxg4+ 29. hxg4 Rxg4+ 30. Kh2 Rxg5 31. Rc4 Rh5+ 32. Kg1 Rxd5 33. Rf4 Rg5+ 34. Kh2 Rh5+ 35. Kg1 Qg5+ 36. Qg3 Qe5 37. Qf3 Bc6 38. Rxf7+ Kh6 39. Qe3+ Rg5+ 0-1


[Site "https://www.chess.com"]

[Event "Titled Tuesday Blitz September 27 Early 2022"]
[White "Sethuraman, S.P."]
[Black "Dardha, Daniel"]
[WhiteFideId "5021596"]
[BlackFideId "240990"]
[WhiteElo "2425"]
[BlackElo "2528"]
[Result "1-0"]
[Round "09"]
[TimeControl "180+1"]
[Date "2022.09.27"]
[WhiteClock "0:00:53"]
[BlackClock "0:00:16"]

1. d4 Nf6 2. c4 e6 3. Nf3 d5 4. Nc3 Bb4 5. Qa4+ Nc6 6. e3 O-O 7. Qc2 Qe7 8. Bd2 Rd8 9. a3 Bxc3 10. Bxc3 Ne4 11. Bd3 Nxc3 12. Qxc3 a5 13. O-O a4 14. Rac1 Bd7 15. e4 dxe4 16. Bxe4 Be8 17. Rfe1 Qf6 18. Rcd1 Na5 19. Ne5 Ra6 20. Rd3 Nb3 21. Rf3 Qg5 22. d5 Nd2 23. Rg3 Nxe4 24. Rxe4 Qf5 25. Nc6 1-0


[Site "https://www.chess.com"]

[Event "Titled Tuesday Blitz September 27 Early 2022"]
[White "Sharifov, Mekhriddin"]
[Black "Balkum, Alexander"]
[WhiteFideId "14701545"]
[BlackFideId "2005069"]
[WhiteElo "1540"]
[BlackElo "2381"]
[Result "0-1"]
[Round "09"]
[TimeControl "180+1"]
[Date "2022.09.27"]
[WhiteClock "0:00:43"]
[BlackClock "0:00:39"]

1. e4 c5 2. Nf3 Nc6 3. d4 cxd4 4. Nxd4 Nf6 5. Nc3 d6 6. Bc4 e5 7. Nde2 Be6 8. Nd5 Nxe4 9. O-O Be7 10. Kh1 O-O 11. f4 Bg4 12. Be3 Rc8 13. Bd3 f5 14. Qe1 Bh4 15. g3 Bf6 16. c4 Ne7 17. Nxf6+ Rxf6 18. Rd1 Qe8 19. Bxa7 Rh6 20. Bg1 Qh5 21. fxe5 Bf3+ 0-1


[Site "https://www.chess.com"]

[Event "Titled Tuesday Blitz September 27 Early 2022"]
[White "Shashikant, Kutwal"]
[Black "Bashirli, Saadat"]
[WhiteFideId "5006520"]
[BlackFideId "13429990"]
[WhiteElo "2321"]
[BlackElo "1173"]
[Result "1-0"]
[Round "09"]
[TimeControl "180+1"]
[Date "2022.09.27"]
[WhiteClock "0:00:02"]
[BlackClock "0:00:15"]

1. e4 c5 2. Nf3 g6 3. d4 cxd4 4. Nxd4 Nc6 5. c4 Nf6 6. Nc3 Nxd4 7. Qxd4 d6 8. Bg5 Bg7 9. Qd2 O-O 10. Be2 Be6 11. O-O a5 12. Rad1 a4 13. Qf4 Qa5 14. Nd5 Bxd5 15. exd5 Rfc8 16. Rfe1 Rc7 17. h4 Rac8 18. h5 a3 19. b3 Qc3 20. h6 Bh8 21. Bd3 Qb2 22. Rd2 Qc3 23. Bb1 Nh5 24. Qh4 Nf6 25. Rde2 Re8 26. Bd2 Qa1 27. Ba5 Rd7 28. Bf5 Qxe1+ 29. Bxe1 gxf5 30. Qg5+ Kf8 31. Qxf5 Rc8 32. Bc3 Rdd8 33. g4 Kg8 34. g5 Nd7 35. Bxh8 Kxh8 36. Rxe7 Ne5 37. Qf6+ Kg8 38. Qg7# 1-0


[Site "https://www.chess.com"]

[Event "Titled Tuesday Blitz September 27 Early 2022"]
[White "Skliarov, Viktor"]
[Black "Ronka, Erik"]
[WhiteFideId "14106736"]
[BlackFideId "505080"]
[WhiteElo "2213"]
[BlackElo "2264"]
[Result "1-0"]
[Round "09"]
[TimeControl "180+1"]
[Date "2022.09.27"]
[WhiteClock "0:00:06"]
[BlackClock "0:00:11"]

1. e4 c6 2. d4 d5 3. e5 Qc7 4. Bd3 c5 5. c3 Nc6 6. Ne2 Bg4 7. f3 Bd7 8. O-O e6 9. a3 f6 10. exf6 Nxf6 11. Bf4 Bd6 12. Bxd6 Qxd6 13. b4 b6 14. Qe1 O-O 15. Qg3 Qxg3 16. hxg3 a5 17. b5 Na7 18. a4 Rfe8 19. f4 Nc8 20. Nd2 Ng4 21. Nf3 Nd6 22. Ne5 Nxe5 23. dxe5 Nf7 24. g4 Nh6 25. g5 Nf7 26. g6 hxg6 27. Bxg6 Red8 28. Kf2 Nh8 29. Bd3 Rac8 30. g4 Be8 31. Kg3 Nf7 32. Rh1 Kf8 33. Rh7 Rc7 34. Rf1 Kg8 35. Rfh1 Kf8 36. Bg6 d4 37. cxd4 cxd4 38. Bd3 Rc3 39. Nxc3 dxc3 40. Bg6 Rd4 41. Rc1 Rc4 42. f5 Nxe5 43. Rh8+ Ke7 44. Rxe8+ Kf6 45. Rxe6+ Kg5 46. Rxe5 c2 47. Re2 Rc3+ 48. Kf2 Rc4 49. Rexc2 Rf4+ 50. Ke3 Rxa4 51. Rc4 Ra3+ 52. R1c3 Ra2 53. Bh5 Rh2 54. Rc6 a4 55. Rg6+ Kh4 56. Kd4 a3 57. Rxa3 Rd2+ 58. Rd3 Rc2 59. Rxb6 Rc4+ 60. Kxc4 g5 61. Bf7 Kxg4 62. f6 Kf4 63. Bh5 g4 64. Bxg4 Kg5 65. f7 Kh4 66. f8=Q Kxg4 67. Qg7+ Kh5 68. Rd5+ Kh4 69. Rh6# 1-0


[Site "https://www.chess.com"]

[Event "Titled Tuesday Blitz September 27 Early 2022"]
[White "Smietanska, Wiktoria"]
[Black "Player, Edmund C"]
[WhiteFideId "21869359"]
[BlackFideId "406520"]
[WhiteElo "1847"]
[BlackElo "2092"]
[Result "1-0"]
[Round "09"]
[TimeControl "180+1"]
[Date "2022.09.27"]
[WhiteClock "0:00:34"]
[BlackClock "0:00:33"]

1. c4 c5 2. Nf3 Nc6 3. Nc3 g6 4. d4 cxd4 5. Nxd4 Bg7 6. Nc2 Bxc3+ 7. bxc3 Nf6 8. g3 Qa5 9. Bd2 d6 10. Bg2 O-O 11. O-O Be6 12. Ne3 Rac8 13. Qb3 b6 14. Nd5 Bxd5 15. cxd5 Ne5 16. Rfc1 Rc4 17. f4 Qc5+ 18. e3 Nd3 19. Rc2 Ng4 20. Kf1 Nxh2+ 21. Ke2 Nb4 22. cxb4 Rxc2 23. bxc5 Rxc5 24. Bf3 Nxf3 25. Kxf3 Rfc8 26. Qd3 h5 27. g4 hxg4+ 28. Kxg4 b5 29. Rh1 Rc4 30. Kf3 Kg7 31. Qe2 R8c5 32. Qh2 Kf6 33. Qh8+ Kf5 34. Rh5+ gxh5 35. Qxh5+ Kf6 36. Qg5# 1-0


[Site "https://www.chess.com"]

[Event "Titled Tuesday Blitz September 27 Early 2022"]
[White "So, Wesley"]
[Black "Girel, Joseph"]
[WhiteFideId "5202213"]
[BlackFideId "36033561"]
[WhiteElo "2763"]
[BlackElo "2104"]
[Result "1-0"]
[Round "09"]
[TimeControl "180+1"]
[Date "2022.09.27"]
[WhiteClock "0:00:53"]
[BlackClock "0:00:22"]

1. Nf3 d5 2. c4 e6 3. e3 Nf6 4. Nc3 b6 5. cxd5 exd5 6. b3 Bd6 7. Bb2 O-O 8. g3 Bb7 9. Bg2 Nbd7 10. O-O Re8 11. Rc1 a6 12. Re1 Ne4 13. Ne2 Ndf6 14. d3 Nc5 15. Ned4 Nfd7 16. a3 Ne6 17. Nc6 Bxc6 18. Rxc6 a5 19. Nh4 Be5 20. d4 Bf6 21. Bxd5 Bxh4 22. gxh4 Qxh4 23. Qf3 Nf6 24. Rxe6 fxe6 25. Bxa8 Ng4 26. h3 Rf8 27. Qg3 1-0


[Site "https://www.chess.com"]

[Event "Titled Tuesday Blitz September 27 Early 2022"]
[White "Srihari L R"]
[Black "Kamsky, Gata"]
[WhiteFideId "46617116"]
[BlackFideId "2000024"]
[WhiteElo "2208"]
[BlackElo "2666"]
[Result "1/2-1/2"]
[Round "09"]
[TimeControl "180+1"]
[Date "2022.09.27"]
[WhiteClock "0:00:55"]
[BlackClock "0:00:31"]

1. d4 f5 2. c4 Nf6 3. Nc3 e6 4. g3 Bb4 5. Bg2 Bxc3+ 6. bxc3 O-O 7. Nf3 Nc6 8. O-O d6 9. Rb1 b6 10. Ne5 Nxe5 11. Bxa8 Nxc4 12. Bg2 h6 13. Qa4 Na5 14. Re1 Qe8 15. Qxe8 Rxe8 16. f3 e5 17. e4 fxe4 18. fxe4 Be6 19. d5 Bd7 20. Bf1 Nb7 21. Ba3 Rf8 22. Ba6 Nc5 23. Bxc5 dxc5 24. Bd3 Ne8 25. Rf1 Nd6 26. Rxf8+ Kxf8 27. Kf2 Bg4 28. Ke3 Ke7 29. Rf1 a5 30. c4 Bc8 31. Kd2 Bh3 32. Rf2 Bg4 33. Ke3 Bc8 34. Kd2 Bg4 35. Ke3 Bc8 36. Kd2 Bg4 1/2-1/2


[Site "https://www.chess.com"]

[Event "Titled Tuesday Blitz September 27 Early 2022"]
[White "Stremavicius, Titas"]
[Black "Martinez Alcantara, Jose Eduardo"]
[WhiteFideId "12804444"]
[BlackFideId "3805662"]
[WhiteElo "2399"]
[BlackElo "2703"]
[Result "0-1"]
[Round "09"]
[TimeControl "180+1"]
[Date "2022.09.27"]
[WhiteClock "0:00:04"]
[BlackClock "0:01:15"]

1. c4 c5 2. Nf3 Nc6 3. e3 Nf6 4. Nc3 d5 5. cxd5 Nxd5 6. Bb5 Nxc3 7. bxc3 Bd7 8. O-O e6 9. d4 Be7 10. e4 O-O 11. Rb1 a6 12. Bd3 cxd4 13. cxd4 Nb4 14. Ne5 Nxd3 15. Nxd7 Nxf2 16. Rxf2 Qxd7 17. Be3 b5 18. Qg4 f5 19. exf5 exf5 20. Qf3 f4 21. Bxf4 Qxd4 22. Rd1 Qc4 23. Rc1 Qxc1+ 24. Bxc1 Rxf3 25. Rxf3 Rc8 26. Bf4 Rc2 27. a3 Ra2 28. Rc3 Rxa3 29. Rc8+ Kf7 30. Rc7 Ke6 0-1


[Site "https://www.chess.com"]

[Event "Titled Tuesday Blitz September 27 Early 2022"]
[White "Suleymanli, Suleyman"]
[Black "Saydaliev, Saidakbar"]
[WhiteFideId "13416375"]
[BlackFideId "14203693"]
[WhiteElo "1652"]
[BlackElo "2265"]
[Result "0-1"]
[Round "09"]
[TimeControl "180+1"]
[Date "2022.09.27"]
[WhiteClock "0:00:20"]
[BlackClock "0:00:14"]

1. Nf3 Nf6 2. g3 b5 3. Bg2 Bb7 4. d4 e6 5. O-O Be7 6. a4 a6 7. axb5 axb5 8. Rxa8 Bxa8 9. b3 O-O 10. Bb2 b4 11. Nbd2 d5 12. Re1 Nbd7 13. Ne5 c5 14. dxc5 Bxc5 15. Ndf3 Qb6 16. e3 Rc8 17. Nxd7 Nxd7 18. Ng5 h6 19. Nh3 Be7 20. Bd4 Qc7 21. Nf4 e5 22. Bxe5 Qxe5 23. Bxd5 Bxd5 24. Nxd5 Bf8 25. Qf3 Nc5 26. Nxb4 Qe4 27. Qxe4 Nxe4 28. Nd3 Rxc2 29. Rb1 Rd2 30. Nf4 Bb4 31. Rf1 g5 32. Nh5 Rb2 33. f3 Nd2 34. Rf2 Rxb3 35. Nf6+ Kg7 36. Nd5 Ba5 37. Kg2 f5 38. h4 Rd3 39. Ne7 Kf6 40. Nc6 Bb6 41. Nb4 Rd6 42. hxg5+ hxg5 43. Re2 g4 44. fxg4 fxg4 45. e4 Nf3 46. Nd5+ Ke5 47. Rb2 Bd4 48. Rb8 Rh6 49. Re8+ Kd6 50. Rd8+ Ke6 51. Nf4+ Ke7 52. Rxd4 Rh2+ 53. Kf1 Nxd4 54. Nd5+ Ke6 55. Ne3 Rh3 56. Kg2 Ne2 57. Kf2 Nxg3 58. Nxg4 Nxe4+ 59. Ke2 Rg3 60. Ne3 Ke5 61. Nf1 Rg2+ 62. Ke3 Ra2 63. Kd3 Kf4 64. Kd4 Rf2 65. Kd3 Rxf1 66. Ke2 Rf2+ 67. Kd3 Rd2+ 68. Kc4 Ke3 69. Kb3 Kd3 70. Ka3 Rc2 71. Ka4 Rb2 72. Ka3 Kc3 73. Ka4 Nc5+ 74. Ka5 Nd7 75. Ka6 Kc4 76. Ka5 Rb1 77. Ka4 Ra1# 0-1


[Site "https://www.chess.com"]